 Dungeon Sprint DCSS version 0.17-a0-1840-g87820a2 (webtiles) character file.

1180 KambridgeKobold the Nimble (level 8, -8/45 HPs)
             Began as a Spriggan Assassin on Sept 16, 2015.
             Was a Follower of Dithmenos.
             Shot with an arrow by a centaur warrior (11 damage)
             ... in the Dungeon (Sprint I: "Red Sonja").
             The game lasted 00:06:02 (437 turns).

KambridgeKobold the Nimble (Spriggan Assassin)       Turns: 437, Time: 00:06:02

Health: -8/45      AC:  3    Str:  7    XL:     8   Next: 18%
Magic:  9/9        EV: 31    Int: 12    God:    Dithmenos [*.....]
Gold:   360        SH:  0    Dex: 20    Spells: 0 memorised, 7 levels left

rFire  . . .     SeeInvis +     b - +0 blowgun
rCold  . . .     Clarity  .     c - +0 robe
rNeg   . . .     SustAt   .     (shield restricted)
rPois  .         Gourm    .     (helmet restricted)
rElec  .         Spirit   .     d - +0 cloak
rCorr  .         Warding  .     (gloves unavailable)
rMut   .         NoTele   +     (boots unavailable)
MR     +....                    (no amulet)
Stlth  ++++++++..               (no ring)
                                (no ring)

@: wreathed by umbra, very quick, somewhat resistant to hostile enchantments,
extraordinarily stealthy
A: unfitting armour, see invisible, herbivore 3, speed 3, slow metabolism 2
a: Renounce Religion


You were in the Dungeon.
You worshipped Dithmenos.
Dithmenos was aware of your devotion.
You were not hungry.

You visited 1 branch You collected 405 gold pieces.
You spent 45 gold pieces at shops.

Inventory:

Hand weapons
 a - a +2 dagger
 b - a +0 blowgun (weapon)
Missiles
 e - 3 poisoned needles (quivered)
 f - 2 curare-tipped needles
Armour
 c - a +0 robe (worn)
 d - a +0 cloak (worn)
Scrolls
 m - a scroll of blinking
 n - a scroll of identify {unknown}
Potions
 h - a potion of curing
 i - a potion of heal wounds
 j - a potion of haste
 k - 2 potions of magic
 l - a potion of berserk rage
 o - a potion of flight {unknown}
Comestibles
 g - a bread ration


   Skills:
 - Level 6.8 Fighting
 + Level 11.0 Short Blades
 - Level 3.5 Throwing
 + Level 13.4 Dodging
 + Level 13.3 Stealth
 + Level 0.0 Invocations


You had 7 spell levels left.
You didn't know any spells.

Dungeon Overview and Level Annotations

Branches:
Dungeon (1/1)

Altars:
Cheibriados
Dithmenos
Elyvilon
Fedhas
Gozag
Kikubaaqudgha
Makhleb
Nemelex Xobeh
Okawaru
Qazlal
Ru
Sif Muna
Trog
Vehumet
Xom
Yredelemnul
Zin
The Shining One
Jiyva

Shops:
D *


Innate Abilities, Weirdness & Mutations

You are tiny and cannot use many weapons and most armour.
You have supernaturally acute eyesight.
You are a herbivore.
You cover ground extremely quickly.
You need consume almost no food.


Message History

Firing (i - inventory. (,) - cycle):
e - 5 poisoned needles (quivered)
Press: ? - help, Shift-Dir - straight line, f/p - centaur warrior
Aim: a centaur warrior, wielding a shortbow (lightly wounded, poisoned)
You shoot a poisoned needle.
The poisoned needle hits the centaur warrior.
The centaur warrior looks even sicker.
The centaur warrior is lightly wounded.
The centaur warrior shoots an arrow.
The arrow completely misses you.
Unknown command.
Firing (i - inventory. (,) - cycle):
e - 4 poisoned needles (quivered)
Press: ? - help, Shift-Dir - straight line, f/p - centaur warrior
Aim: a centaur warrior, wielding a shortbow (lightly wounded, poisoned)
You shoot a poisoned needle.
The poisoned needle hits the centaur warrior!
The centaur warrior looks even sicker.
The centaur warrior is lightly wounded.
The centaur warrior shoots an arrow.
The arrow misses you.
Unknown command.
The centaur warrior shoots an arrow.
The arrow hits you!
You die...

#######################**********
#.)'..#.)'.(#__#@.()..#,,*,,,,+,,
'..#.)'..#..'..'(.#)..#*+*,****,,
#####'#####c#__####...+,,*,*,***,
####..#...#)####§§#####,,+,*+*,**
#__####..##c#§§c§§#,,**+****,,,*,
#_..__##'#.§§§§cc.+,,*,,,,,*,,,**
#_.∩...'..._#§§§c.#,,*,,,,,+,,,,,
#_..._##_.#'##+####*+***,,,*,,,,,
#_____###+#.#,,,,***,+,*,,,***++*


You could see a centaur warrior.

Vanquished Creatures
  2 kobold demonologists (D)
  A slime creature (D)
  Sigmund (D)
  A yak (D)
  An ogre (D)
  A jelly (D)
  Ijyb (D)
  A giant eyeball (D)
9 creatures vanquished.

Notes
Turn   | Place    | Note
--------------------------------------------------------------
     0 | D        | KambridgeKobold the Spriggan Assassin began the quest for the Orb.
     0 | D        | Reached XP level 1. HP: 10/10 MP: 2/2
     1 | D        | Noticed Ijyb
     4 | D        | Killed Ijyb
     4 | D        | Reached skill level 7 in Stealth
     4 | D        | Reached XP level 2. HP: 14/16 MP: 3/3
     6 | D        | Noticed an ogre
     9 | D        | Killed an ogre
     9 | D        | Reached skill level 10 in Stealth
     9 | D        | Reached XP level 3. HP: 16/19 MP: 4/4
     9 | D        | Reached XP level 4. HP: 19/23 MP: 5/5
    66 | D        | Noticed Sigmund
    69 | D        | Killed Sigmund
    69 | D        | Reached skill level 13 in Stealth
    69 | D        | Reached XP level 5. HP: 27/27 MP: 6/6
    69 | D        | Reached XP level 6. HP: 32/32 MP: 7/7
    81 | D        | Found a deep blue altar of Sif Muna.
    82 | D        | Noticed a jelly
    83 | D        | Found a radiant altar of Vehumet.
    87 | D        | Killed a jelly
    87 | D        | Reached skill level 5 in Dodging
   116 | D        | Found a viscous altar of Jiyva.
   116 | D        | Found a blossoming altar of Fedhas.
   116 | D        | Noticed a slime creature
   117 | D        | Found a snail-covered altar of Cheibriados.
   117 | D        | Found a shadowy altar of Dithmenos.
   119 | D        | Killed a slime creature
   121 | D        | Became a worshipper of Dithmenos the Shadowed
   130 | D        | Found Zyjum's General Store.
   130 | D        | Found a white marble altar of Elyvilon.
   130 | D        | Found a stormy altar of Qazlal.
   130 | D        | Found a burning altar of Makhleb.
   130 | D        | Found a sacrificial altar of Ru.
   130 | D        | Found a basalt altar of Yredelemnul.
   130 | D        | Found a glowing golden altar of the Shining One.
   130 | D        | Found a sparkling altar of Nemelex Xobeh.
   130 | D        | Found a shimmering altar of Xom.
   130 | D        | Found an opulent altar of Gozag.
   130 | D        | Found an ancient bone altar of Kikubaaqudgha.
   130 | D        | Found a glowing silver altar of Zin.
   130 | D        | Noticed a yak
   131 | D        | Found an iron altar of Okawaru.
   132 | D        | Killed a yak
   132 | D        | Reached skill level 10 in Dodging
   132 | D        | Reached XP level 7. HP: 35/37 MP: 8/8
   133 | D        | Found a bloodstained altar of Trog.
   137 | D        | Bought a scroll of magic mapping for 45 gold pieces
   161 | D        | Noticed a kobold demonologist
   162 | D        | Noticed a kobold demonologist
   169 | D        | Killed a kobold demonologist
   169 | D        | Reached skill level 5 in Fighting
   173 | D        | Noticed a blue devil
   197 | D        | Paralysed by a giant eyeball for 2 turns
   215 | D        | Paralysed by a giant eyeball for 2 turns
   217 | D        | Noticed a sixfirhy
   220 | D        | Killed a kobold demonologist
   220 | D        | Reached XP level 8. HP: 19/45 MP: 9/9
   225 | D        | Paralysed by a giant eyeball for 2 turns
   412 | D        | Noticed a centaur warrior
   415 | D        | Noticed a centaur warrior
   433 | D        | HP: 2/45 [centaur warrior/arrow (5)]
   437 | D        | Shot with an arrow by a centaur warrior

Vault maps used:
D:        dungeon_sprint_1

Action                   |  1- 3 |  4- 6 |  7- 9 || total
-------------------------+-------+-------+-------++-------
Melee: Dagger            |     2 |     4 |    60 ||    66
 Fire: Blowgun           |       |       |     5 ||     5
  Use: Scroll            |       |       |     1 ||     1
 Stab: Sleeping          |     2 |     4 |       ||     6
       Distracted        |       |       |     1 ||     1
